 Dungeon Crawl Stone Soup version 0.31-a0-277-g31ea1f65cc (webtiles) character file.

Game seed: 16855379508877970146

196 LustLizard the Ruffian (level 5, -9/36 HPs)
             Began as an Octopode Shapeshifter on July 15, 2023.
             Killed by divine providence
             ... invoked by an orc priest
              (10 damage)
             ... on level 4 of the Dungeon.
             The game lasted 00:05:26 (3034 turns).

LustLizard the Ruffian (Octopode Shapeshifter)      Turns: 3034, Time: 00:05:27

Health: -9/36      AC:  1    Str: 16    XL:     5   Next: 74%
Magic:  5/5        EV: 13    Int: 11    God:
Gold:   236        SH:  0    Dex: 12    Spells: 4/4 levels left

rFire   . .          .
                       - Unarmed
rCold   . . .        (no shield)
rNeg    . . .        (helmet currently unavailable)
rPois   .            (no amulet)
rElec   .            (no ring)
rCorr   .            (no ring)
SInv    .            (no ring)
Will    .....        (no ring)
Stlth   ++           (no ring)
HPRegen 0.26/turn    (no ring)
MPRegen 0.09/turn    (no ring)
                     (no ring)

%: no passive effects
@: beast-form
A: beast (slay +2), almost no armour, amphibious, 8 rings, camouflage 1,
gelatinous body 1, (nimble swimmer 1), tentacles
a: Begin Untransformation


You were on level 4 of the Dungeon.
You were a hulking beast.
You visited 1 branch of the dungeon, and saw 4 of its levels.

You collected 236 gold pieces.

Inventory:

Missiles
 d - 2 atropa-tipped darts
 B - 7 poisoned darts
Jewellery
 f - an amulet of faith
Talismans
 b - a beast talisman
Wands
 y - a wand of paralysis (9)
Scrolls
 c - a scroll of acquirement {unknown}
 e - a scroll of vulnerability {unknown}
 g - 2 scrolls of amnesia {unknown}
 h - 2 scrolls of enchant armour {unknown}
 i - a scroll of teleportation {unknown}
 j - a scroll of fog {unknown}
 n - 2 scrolls of enchant weapon {unknown}
 t - 2 scrolls of identify
 u - a scroll of noise {unknown}
 v - 2 scrolls of fear {unknown}
 x - a scroll of immolation {unknown}
 C - a scroll of revelation
Potions
 a - a potion of lignification
 k - a potion of mutation
 l - a potion of invisibility {unknown}
 m - a potion of enlightenment {unknown}
 o - a potion of haste {unknown}
 p - a potion of heal wounds {unknown}
 q - a potion of magic {unknown}
 r - a potion of brilliance {unknown}
 s - 2 potions of curing
 w - a potion of attraction {unknown}
 z - a potion of ambrosia {unknown}
 A - a potion of berserk rage {unknown}


   Skills:
 + Level 3.1 Fighting
 + Level 3.0 Dodging
 * Level 3.9 Unarmed Combat
 + Level 3.6 Shapeshifting


You had 4 spell levels left.
You didn't know any spells.
Your spell library contained the following spells:

 Spells                   Type           Power      Damage    Failure   Level
 Apportation              Tloc           0%         N/A       34%         1
 Necrotise                Necr           0%         1d4       34%         1
 Slow                     Hex            0%         N/A       34%         1
 Summon Small Mammal      Summ           0%         N/A       34%         1
 Ensorcelled Hibernation  Hex/Ice        0%         N/A       47%         2
 Confusing Touch          Hex            0%         N/A       71%         3
 Vampiric Draining        Necr           0%         2d6       71%         3
 Anguish                  Hex/Necr       0%         N/A       98%         4


Dungeon Overview and Level Annotations

Branches:
Dungeon (4/15)
 Temple: D:4-7

Altars:
Gozag
Qazlal

Shops:
D:1 :   D:3 (

Annotations:
D:4 3 runed translucent doors, Eustachio; Sigmund; cforsyth's ghost, novice MeSh


Innate Abilities, Weirdness & Mutations

You are a hulking beast.
Your limbs bulge with bestial killing power. (Slay +2)
You cannot wear most types of armour.
You are amphibious.
You can wear up to eight rings at the same time.
Your skin changes colour to match your surroundings (Stealth+).
Your rubbery body absorbs attacks. (AC +1, EV +1)
((You are camouflaged when in or above water. (Stealth+)))
You have tentacles for arms and can constrict up to eight enemies at once.


Message History

An iguana and an orc come into view.
The iguana hisses angrily.
You see here a scroll labelled SYGGIS KEUG.
An orc comes into view. It is wielding a +0 short sword.
An orc wizard comes into view. It is wielding a +0 dagger.
The orc priest shouts!
The orc wizard shouts!
The orc shouts!
You hear a shout!
Sigmund the Dreaded comes into view.
He is wielding a +0 scythe and wearing a +2 robe of fire resistance.
The orc wizard points at you and mumbles some strange words.
The magic dart hits you!
An orc comes into view. It is wielding a +0 morningstar.
The orc shouts! x2; You hear a shout! x4
The orc attacks as you move away! The orc hits you with a +0 dagger.
Sigmund shouts!
You hear a shout!
Sigmund screams, "Die, monster!"
An orc comes into view. It is wielding a +0 vampiric dagger.
You tentacle-slap the orc. You grab the orc. You squeeze the orc.
You kill the orc!
An orc comes into view. It is wielding a +0 club.
Sigmund looks at you with fury.
An orc comes into view. It is wielding a +0 mace.
The orc priest invokes the aid of Beogh against you.
Beogh smites you!
Things that are here:
a +0 dagger; an orc corpse You bludgeon the orc priest!
You grab the orc priest. You squeeze the orc priest.
The orc priest is severely wounded.
You constrict the orc priest. Sigmund closely misses you.
The orc barely misses you.
An orc wizard comes into view.
It is wielding a +0 dagger and wearing a +1 robe of cold resistance.
The orc priest invokes the aid of Beogh against you.
You barely resist.
Okay, then.
Okay, then.
You release your grip on the orc priest.
The orc misses you. The iguana bites you!
* * * LOW HITPOINT WARNING * * *
The orc priest calls down the wrath of Beogh upon you.
Beogh smites you!
You die...

.........### ....###..
#.#........###..#.#..#
#.##.......##..##.....
###.....[.............
# #..........#........
............#.......
##....#.....?...#.
..#..##.......##
..#....)....#lh###
....##..###.)oo#
..##...# ###ooo....
.......# .@oo...
....l. #.#o..# .....
##o... ..# ##


You could see Sigmund, an iguana, an orc priest, 2 orc wizards and 6 orcs.

Vanquished Creatures
  Ijyb (D:4)
  10 adders
  2 worms
  6 dart slugs
  An orc (D:4)
  6 bats
  An endoplasm (D:1)
  A giant cockroach (D:1)
  3 goblins (D:1)
  8 hobgoblins
  4 jackals (D:4)
  6 kobolds
  4 quokkas (D:1)
  7 ball pythons
  4 frilled lizards
  8 rats
72 creatures vanquished.

Notes
Turn   | Place    | Note
-------+----------+-------------------------------------------
     0 | D:1      | LustLizard the Octopode Shapeshifter began the quest for
                  | the Orb.
     0 | D:1      | Reached XP level 1. HP: 14/14 MP: 1/1
   172 | D:1      | Reached XP level 2. HP: 14/19 MP: 2/2
   314 | D:1      | Found Ohau's Book Shop.
   374 | D:1      | Reached XP level 3. HP: 24/24 MP: 3/3
  1363 | D:2      | Reached XP level 4. HP: 28/30 MP: 4/4
  1895 | D:3      | Found Fuofiete's Weapon Emporium.
  2154 | D:3      | Reached XP level 5. HP: 17/36 MP: 5/5
  2404 | D:3      | Found a stormy altar of Qazlal.
  2785 | D:4      | Noticed cforsyth's ghost (novice MeSh)
  2785 | D:4      | Found a runed translucent gate.
  2785 | D:4      | Found a runed translucent gate.
  2785 | D:4      | Found a runed translucent gate.
  2790 | D:4      | Noticed Eustachio
  2793 | D:4      | Noticed a kobold brigand
  2856 | D:4      | Noticed Ijyb
  2862 | D:4      | Paralysed by Ijyb for 5 turns
  2869 | D:4      | Killed Ijyb
  2880 | D:4      | Found an opulent altar of Gozag.
  3029 | D:4      | Noticed Sigmund
  3034 | D:4      | HP: 1/36 [iguana (11)]
  3034 | D:4      | Killed from afar by an orc priest

Illustrated notes

Levels and vault maps discovered:
D:1:      elethiomel_arrival_maze, layout_basic, serial_shops,
          nicolae_shop_tiny_waterfront
D:2:      layout_basic, minmay_quadrilaterals
D:3:      layout_basic, general_overflow_altar, serial_shops,
          nicolae_shop_rolling_square
D:4:      layout_cave_pools, grunt_gozag_breadcrumbs,
          gammafunk_ghost_nasty_kobolds, uniq_ijyb, uniq_pikel, uniq_sigmund,
          uniq_eustachio

Skill      XL: |  1  2  3  4  5 |
---------------+----------------+-----
Unarmed Combat | 3 |  3.9
Fighting       | 3 |  3.1
Dodging        | 3 |  3.0
Shapeshifting  | |  3.6

Action                     |  1- 3 |  4- 6 || total
---------------------------+-------+-------++-------
  Melee: Unarmed           |    72 |    79 ||   151
         Constrict         |    23 |    25 ||    48
         Tentacles         |    15 |    13 ||    28
         Punch             |     1 |     2 ||     3
    Use: Scroll            |       |     3 ||     3
   Stab: Sleeping          |    10 |     4 ||    14
 Armour: Skin              |     5 |     7 ||    12
  Dodge: Dodged            |    40 |    53 ||    93

Table legend: (Time is in decaauts)
 A = Elapsed time spent in this place.
 B = Non-inter-level travel time spent in this place.
 C = Inter-level travel time spent in this place.
 D = Time resting spent in this place.
 E = Time spent auto-exploring this place.
 F = Levels seen in this place.
 G = Mean time per level.
                   A        B        C        D        E       F      G
               +--------+--------+--------+--------+--------+-----+--------+
         Total |   3025 |   2942 |     83 |    253 |   2076 |   4 |  756.2 |
       Dungeon |   3025 |   2942 |     83 |    253 |   2076 |   4 |  756.2 |
               +--------+--------+--------+--------+--------+-----+--------+

Top non-repeatable levels by time:
     D:1: 1151 daAuts
     D:3: 991 daAuts
     D:2: 666 daAuts
     D:4: 215 daAuts
